 Dungeon Crawl Stone Soup version 0.29.1-2-gbd0b4ee654 (webtiles) character file.

Game seed: 1690461278145342061

326434 DildoBatman the Thanatomancer (level 22, -1/206 HPs)
             Began as a Formicid Conjurer on Nov 4, 2022.
             Was an Initiate of Gozag.
             Slain by a vault warden
             ... wielding a +2 vorpal battleaxe
              (4 damage)
             ... on level 4 of the Vaults.
             The game lasted 02:12:05 (35932 turns).

DildoBatman the Thanatomancer (Formicid Conjurer)  Turns: 35932, Time: 02:12:06

Health: -1/206     AC: 33    Str: 18    XL:     22   Next: 61%
Magic:  3/38       EV: 16    Int: 36    God:    Gozag
Gold:   11875      SH: 21    Dex: 24    Spells: 22/45 levels left

rFire   . . .      SeeInvis +   b - +6 morningstar "Orb Guardian's Foe" {freeze, rC+ rCorr Str+2 Stlth+}
rCold   + + .      Faith    .   t - +0 tower shield {rC+}
rNeg    + . .      Spirit   .   (body armour currently unavailable)
rPois   ∞          Reflect  .   (helmet unavailable)
rElec   +          Harm     .   (no cloak)
rCorr   +          Rampage  .   (gloves currently unavailable)
Will    ++...      Clarity  +   (boots currently unavailable)
Stlth   ++++......              m - amulet of magic regeneration
HPRegen 0.44/turn               f - ring "Hewuim" {Str+4 Int+6 Dex+5}
MPRegen 0.66/turn               w - +6 ring of intelligence

@: statue-form, gold aura, very slow
A: slow and powerful, torment resistance 1, boosted hp, permanent stasis, dig
shafts and tunnels, antennae 3, four strong arms, (iridescent scales 2),
clarity, clever 1, wild magic 1
}: 2/15 runes: serpentine, barnacled
a: Dig, Shaft Self, End Transformation, Renounce Religion, Potion Petition, Call
Merchant, Bribe Branch


You were on level 4 of the Vaults.
You worshipped Gozag.
Gozag was extremely pleased with you.
You were a living statue of rough stone.
You visited 7 branches of the dungeon, and saw 35 of its levels.
You also visited: Bailey and Ice Cave.

You collected 13883 gold pieces.
You spent 1227 gold pieces at shops.
You paid 781 gold pieces to Gozag.

Inventory:

Hand Weapons
 a - the +4 dagger "Nuvas" {pain, rPois Will+}
   (You found it on level 12 of the Dungeon)

   In the hands of one skilled in necromantic magic, it inflicts extra damage on
   living creatures.
   rPois:     It protects you from poison.
   Will:      It increases your willpower.
 b - the +6 morningstar "Orb Guardian's Foe" (weapon) {freeze, rC+ rCorr Str+2 Stlth+}
   (You took it off a centaur warrior on level 14 of the Dungeon)

   It freezes those it strikes, dealing additional cold damage.
   It can also slow down cold-blooded creatures.
   Str:       It affects your strength (+2).
   rC:        It protects you from cold.
   rCorr:     It protects you from acid and corrosion.
   Stlth:     It makes you more stealthy.
 d - the +8 rapier of Fuph {flame, rF++}
   (You found it in a bailey)

   It burns those it strikes, dealing additional fire damage.
   rF:        It greatly protects you from fire.
Missiles
 r - 5 silver javelins
 v - 4 throwing nets (quivered)
 Z - 7 javelins
Armour
 o - a +4 troll leather armour (melded)
 t - a +0 tower shield of cold resistance (worn)
 u - a +2 pair of boots of flying (melded)
 M - the +0 pair of gloves "Disteymp" (melded) {Will+ Regen+ Dex+4}
   (You bought it in a shop on level 1 of the Snake Pit)

   Dex:       It affects your dexterity (+4).
   Regen:     It increases your rate of health regeneration.
   Will:      It increases your willpower.
Magical Staves
 e - a staff of fire
Jewellery
 f - the ring "Hewuim" (left fist) {Str+4 Int+6 Dex+5}
   (You found it on level 2 of the Snake Pit)

   [ring of intelligence]

   Str:       It affects your strength (+4).
   Int:       It affects your intelligence (+6).
   Dex:       It affects your dexterity (+5).
 m - an amulet of magic regeneration (around neck)
 q - a +4 ring of protection
 w - a +6 ring of intelligence (right fist)
 A - a +6 ring of intelligence
 I - a ring of protection from fire
 W - a ring of willpower
Wands
 D - a wand of iceblast (29)
 U - a wand of acid (14)
Scrolls
 c - a scroll of enchant armour
 l - 3 scrolls of torment
 n - 2 scrolls of amnesia
 p - 15 scrolls of fog
 z - 20 scrolls of identify
 F - 6 scrolls of immolation
 H - 5 scrolls of magic mapping
 O - a scroll of acquirement
 Q - a scroll of silence {unknown}
 S - 5 scrolls of fear
 T - 3 scrolls of summoning
 Y - 6 scrolls of poison
Potions
 g - 4 potions of cancellation
 h - 17 potions of ambrosia
 i - 5 potions of brilliance
 j - 14 potions of curing
 x - 10 potions of might
 y - 4 potions of magic
 C - 4 potions of invisibility
 N - 3 potions of mutation
 P - 4 potions of resistance
 V - 3 potions of heal wounds
Miscellaneous
 k - a phial of floods
 s - a box of beasts
 B - a lightning rod (4/4)
 X - a condenser vane (inert)


   Skills:
 - Level 10.0 Fighting
 - Level 10.0 Armour
 - Level 7.0 Dodging
 - Level 2.4 Stealth
 - Level 15.0 Shields
 - Level 12.0 Spellcasting
 - Level 6.0 Conjurations
 - Level 22.0 Necromancy
 * Level 15.8 Transmutations
 - Level 20.0 Earth Magic


You had 22 spell levels left.
You knew the following spells:

 Your Spells              Type           Power      Damage    Failure   Level
a - Borgnjor's Vile Clut  Necr/Erth      61%        N/A       1%          5
b - Stone Arrow           Conj/Erth      100%       3d13      1%          3
c - Statue Form           Tmut/Erth      76%        N/A       1%          6
d - Vampiric Draining     Necr           100%       2d13      1%          3
h - Dispel Undead         Necr           100%       3d31      1%          4
z - Sublimation of Blood  Necr           100%       N/A       1%          2

Your spell library contained the following spells:

 Spells                   Type           Power      Damage    Failure   Level
 Magic Dart               Conj           100%       1d8       1%          1
 Necrotise                Necr           100%       1d9       1%          1
 Sandblast                Erth           100%       2d20      1%          1
 Passwall                 Tmut/Erth      95%        N/A       1%          2
 Searing Ray              Conj           100%       2d8       1%          2
 Spider Form              Tmut/Pois      80%        N/A       1%          3
 Anguish                  Hex/Necr       46%        N/A       1%          4
 Leda's Liquefaction      Hex/Erth       44%        N/A       1%          4
 Agony                    Necr           100%       N/A       1%          5
 Blade Hands              Tmut           54%        N/A       1%          5
 Lee's Rapid Deconstruct  Erth           60%        3d29*     1%          5
 Death Channel            Necr           62%        N/A       1%          6
 Foxfire                  Conj/Fire      100%       2x1d9     3%          1
 Ice Form                 Ice/Tmut       80%        N/A       3%          4
 Irradiate                Conj/Tmut      46%        3d27      3%          5
 Conjure Flame            Conj/Fire      54%        6-21      7%          3
 Dazzling Flash           Conj/Hex       100%       N/A       7%          3
 Borgnjor's Revivificati  Necr           62%        N/A       7%          8
 Infestation              Necr           62%        N/A       7%          8
 Apportation              Tloc           56%        N/A       8%          1
 Summon Small Mammal      Summ           100%       N/A       8%          1
 Alistair's Intoxication  Tmut/Pois      53%        N/A       9%          5
 Dragon Form              Tmut           54%        N/A       11%         7
 Ensorcelled Hibernation  Hex/Ice        56%        N/A       12%         2
 Scorch                   Fire           56%        2d8       12%         2
 Iskenderun's Battlesphe  Conj           71%        2d12      17%         5
 Flame Wave               Conj/Fire      54%        2d13      21%         4
 Fulminant Prism          Conj/Hex       27%        3d14      21%         4
 Iskenderun's Mystic Bla  Conj/Tloc      54%        2d12      21%         4
 Necromutation            Tmut/Necr      58%        N/A       21%         8
 Call Canine Familiar     Summ           28%        N/A       22%         3
 Frozen Ramparts          Ice            56%        1d9       22%         3
 Gell's Gravitas          Tloc           28%        N/A       22%         3
 Inner Flame              Hex/Fire       28%        N/A       22%         3
 Ozocubu's Armour         Ice            28%        N/A       22%         3
 Portal Projectile        Hex/Tloc       56%        N/A       22%         3
 Summon Guardian Golem    Hex/Summ       28%        N/A       22%         3
 Teleport Other           Tloc           28%        N/A       22%         3
 Tukima's Dance           Hex            28%        N/A       22%         3
 Fireball                 Conj/Fire      27%        3d12      47%         5
 Haunt                    Necr/Summ      46%        N/A       52%         7
 Summon Ice Beast         Ice/Summ       28%        N/A       54%         4
 Death's Door             Necr           62%        N/A       61%         9
 Silence                  Hex/Air        14%        N/A       86%         5
 Summon Mana Viper        Hex/Summ       28%        N/A       86%         5
 Conjure Ball Lightning   Conj/Air       27%        3x3d8     95%         6
 Starburst                Conj/Fire      27%        6d9       95%         6
 Orb of Destruction       Conj           35%        9d10      99%         7
 Dispersal                Tloc           14%        N/A       100%        6
 Summon Cactus Giant      Summ           14%        N/A       100%        6
 Monstrous Menagerie      Summ           14%        N/A       100%        7
 Ozocubu's Refrigeration  Ice            14%        4d10      100%        7
 Spellforged Servitor     Conj/Summ      27%        N/A       100%        7
 Discord                  Hex            14%        N/A       100%        8
 Disjunction              Tloc           14%        N/A       100%        8
 Ignition                 Fire           14%        3d6       100%        8
 Corpse Rot               Necr/Pois/Air  Unusable   N/A       N/A         4

Dungeon Overview and Level Annotations

Branches:
Dungeon (15/15)            Temple (1/1) D:7            Lair (5/5) D:11
 Shoals (4/4) Lair:3        Snake (4/4) Lair:3        Slime (0/5) Lair:4
    Orc (2/2) D:10            Elf (0/3) Orc:2        Vaults (4/5) D:14
  Crypt (0/3) Vaults:2     Depths (0/4) D:15         Bailey (visited)
  IceCv (visited)

Altars:
Ashenzari
Cheibriados
Dithmenos
Elyvilon
Fedhas
Gozag
Hepliaklqana
Kikubaaqudgha
Makhleb
Nemelex Xobeh
Okawaru
Qazlal
Ru
Sif Muna
Trog
Uskayaw
Vehumet
Wu Jian
Xom
Yredelemnul
Zin
The Shining One

Shops:
D:3 (   D:15 **(([   Orc:2 (::?   Snake:1 ((**   Snake:4 [   Vaults:1 ?
Vaults:3 =([[   Vaults:4 (

Portals:
Trove: D:13 (give 2 scrolls of acquirement)

Annotations:
Vaults:1 1 exclusion
Vaults:3 2 transporters, exclusion: orange crystal statue, Mennas


Innate Abilities, Weirdness & Mutations

You are a living statue of rough stone.
Your actions are slow, but your melee attacks are powerful.
You are resistant to unholy torment.
Your maximum health is greatly increased.
You are immune to poison.
Your equipment is partially melded.
You cannot be hasted, slowed, berserked, paralysed or teleported.
You can dig through walls and to a lower floor.
You have a pair of large antennae on your head. (SInv)
Your four strong arms can wield two-handed weapons with a shield.
((You are mostly covered in iridescent scales. (AC +4)))
You possess an exceptional clarity of mind.
Your mind is acute. (Int +4, Str/Dex -1)
Your spells are a little harder to cast, but a little more powerful.


Message History

The vault warden activates a sealing rune.
A door slams shut!
You block the vault warden's attack.
The vault guard shouts!
Training target 22.0 for Necromancy reached!
Your Necromancy skill increases to level 22!
You closely miss the vault warden.
The vault warden is heavily wounded.
The runic seal fades away.
The ironbound convoker is no longer distracted by gold.
The vault guard is no longer distracted by gold.
The vault warden hits you with a +2 vorpal battleaxe!
The ironbound convoker is distracted by your dazzling golden aura.
The vault warden activates a sealing rune.
You block the vault guard's attack.
The ironbound convoker shouts!
Casting: Borgnjor's Vile Clutch (safe; 1% risk of failure)
Confirm with . or Enter, or press ? or * to list all spells.
Aiming: Borgnjor's Vile Clutch (safe; 1% risk of failure)
Press: ? - help, Shift-Dir - straight line The war gargoyle is no longer distracted by gold.
Zombie hands grab the war gargoyle.
The zombie hands constrict the war gargoyle.
The ironbound convoker is no longer distracted by gold.
The war gargoyle struggles to escape constriction.
You block the vault guard's attack.
The vault warden hits you but does no damage.
The war gargoyle struggles to escape constriction.
You block the vault warden's attack.
The vault guard is distracted by your dazzling golden aura.
The vault guard shouts!
You bludgeon the vault warden!! You freeze the vault warden.
The vault warden is almost dead.
The zombie hands constrict the war gargoyle!
You destroy the war gargoyle!
The vault guard is no longer distracted by gold.
The vault warden hits you with a +2 vorpal battleaxe!!
You die...
Your body crumbles into a pile of gold.

'###### ......# ..#
......# ...# ......# ...
......# #####.. ....?.#
..$$. ......# .$.
################+#######
.....).........[8p..°p..
....)...........○p.○○...
....)............$......
....))..........$.......
###'############+#######
##.......## #.#
#.##......## #$#
.##.###....## #..
##.######...#


You could see a vault warden (very poisoned), a vault guard and an ironbound
convoker.

Vanquished Creatures
  A dread lich (Vaults:2)
  Sojobo (Vaults:2)
  Frederick (Vaults:2)
  Margery (Vaults:2)
  Polyphemus (Shoals:4)
  A sphinx (Vaults:3)
  The ghost of waddelsworth the Devastator, an adept GrEE of Vehumet (Shoals:1)
  A kraken (Shoals:1)
  2 tengu reavers (Vaults:2)
  6 nagarajas
  Kirke (Shoals:3)
  Roxanne (Shoals:4)
  The ghost of TangoThomas the Alchemist, a journeyman MfGl of Makhleb (Orc:1)
  Louise (Snake:1)
  A fire giant (Vaults:1)
  3 frost giants
  An orc warlord (Bailey)
  Aizul (Shoals:4)
  12 ironbound preservers
  13 vault wardens
  3 war gargoyles
  4 very ugly things
  The ghost of matti1234 the Unseen, an adept KoEn of Gozag (Shoals:1)
  2 stone giants
  10 ironbound thunderhulks
  Nessos (D:15)
  7 dire elephants
  An eidolon (Vaults:2)
  2 entropy weavers
  An ettin (Vaults:1)
  8 merfolk impalers
  5 yaktaur captains
  A merfolk javelineer (Shoals:4)
  A deep elf death mage (Vaults:2)
  2 crystal guardians
  7 great orbs of eyes
  Fannar (D:12)
  9 hydras
  4 peacekeepers
  2 salamander tyrants (Snake:4)
  5 boulder beetles
  8 vault guards
  An ice dragon (IceCv)
  5 merfolk avatars
  12 centaur warriors
  5 ironbound frosthearts
  3 ogre magi
  A catoblepas (Shoals:4)
  2 two-headed ogres (D:14)
  Erica (D:8)
  4 merfolk aquamancers
  4 alligator snapping turtles
  5 anacondas
  4 naga warriors
  21 naga sharpshooters
  4 tengu warriors
  3 death yaks (Shoals:4)
  A vampire mage (Vaults:2)
  An orc high priest (Orc:1)
  Urug (Lair:4)
  3 hell knights (Vaults:2)
  A skeletal warrior (Vaults:2)
  3 shock serpents (Snake:3)
  7 sea snakes
  A goliath frog (Lair:5)
  3 salamander mystics (Snake:4)
  6 naga ritualists
  34 deep trolls
  4 necromancers
  8 wizards
  11 ironbound convokers
  8 lindwurms
  4 orc knights
  2 deep elf pyromancers (D:14)
  2 phantasmal warriors
  A wolf spider (D:14)
  29 harpies
  7 salamanders
  7 fauns
  8 orc sorcerers (Orc:2)
  20 ugly things
  19 manticores
  The ghost of BlackCrag the Thaumaturge, a novice SpVM (D:6)
  3 mana vipers
  An elephant (shapeshifter) (D:14)
  32 elephants
  14 merfolk sirens
  9 cyclopes
  29 black mambas
  3 water nymphs
  19 naga magi
  A cane toad (shapeshifter) (D:14)
  2 ice statues (IceCv)
  13 vault sentinels
  2 torpor snails
  19 cane toads
  2 freezing wraiths
  5 rime drakes
  A yaktaur zombie (Vaults:1)
  3 kobold demonologists
  5 efreet
  A komodo dragon (shapeshifter) (D:14)
  11 komodo dragons
  25 yaktaurs
  24 merfolk
  5 meliai (D:14)
  2 hornets
  A queen bee (D:11)
  7 trolls
  2 polar bears (Lair:5)
  2 tyrant leeches (Lair:5)
  33 slime creatures
  8 wind drakes
  A tarantella (Vaults:4)
  A raiju (shapeshifter) (D:14)
  4 dream sheep
  9 snapping turtles
  23 blink frogs
  Sigmund (D:3)
  8 water elementals
  A vampire (D:10)
  4 shadows
  48 yaks
  2 wraiths
  5 wyverns
  7 basilisks
  A golden eye (shapeshifter) (D:15)
  12 vampire mosquitoes
  A death yak simulacrum (Orc:2)
  A steam dragon (D:9)
  3 hogs (Shoals:4)
  A redback (Vaults:4)
  2 wargs
  Menkaure (D:4)
  31 nagas
  An ogre zombie (Vaults:1)
  A glowing shapeshifter zombie (Vaults:1)
  22 water moccasins
  3 acid dragons
  17 orc warriors
  8 ice beasts
  A black bear (D:7)
  A sky beast (D:6)
  5 ogres
  A boggart (D:14)
  30 wolves
  7 centaurs
  2 phantoms
  7 kobold brigands
  17 bullfrogs
  6 gnoll sergeants
  A two-headed ogre simulacrum (Orc:2)
  A glowing shapeshifter simulacrum (Vaults:2)
  3 human skeletons (Vaults:2)
  5 necrophages
  A cane toad simulacrum (Orc:2)
  9 wights
  A hornet simulacrum (D:6)
  A lindwurm simulacrum (IceCv)
  36 killer bees
  5 electric eels
  5 howler monkeys
  A centaur zombie (D:8)
  11 komodo dragon simulacra (IceCv)
  7 jellies
  19 orc priests
  2 gnoll boudas
  2 hounds
  6 hell rats (Lair:1)
  2 iguanas
  30 orc wizards
  2 troll simulacra (Orc:2)
  2 spriggan simulacra (Orc:2)
  A killer bee zombie (D:8)
  2 bullfrog simulacra (D:6)
  A centaur simulacrum (D:9)
  2 human simulacra (D:13)
  A boggart simulacrum (D:14)
  38 gnolls
  2 acid dragon simulacra (IceCv)
  4 adders
  A naga simulacrum (Orc:2)
  11 white imps
  2 ufetubi
  7 steam dragon simulacra (IceCv)
  3 worms
  A dart slug (D:5)
  82 orcs
  9 endoplasms
  5 giant cockroaches
  20 goblins
  9 hobgoblins
  7 jackals
  35 kobolds
  3 quokkas
  6 ball pythons
  4 bats
  4 frilled lizards
  7 rats
  A bush (D:8)
  3 tentacles (Shoals:1)
1406 creatures vanquished.

Vanquished Creatures (others)
  A faun (Shoals:1)
  16 fungi
  116 plants
  13 tentacles (Shoals:1)
  6 withered plants (Shoals:1)
152 creatures vanquished.

Grand Total: 1558 creatures vanquished

Notes
Turn   | Place    | Note
-------+----------+-------------------------------------------
     0 | D:1      | DildoBatman the Formicid Conjurer began the quest for the
                  | Orb.
     0 | D:1      | Reached XP level 1. HP: 13/13 MP: 3/3
    92 | D:1      | Found a faded altar of an unknown god.
   403 | D:1      | Reached XP level 2. HP: 19/19 MP: 1/5
   406 | D:1      | Learned a level 2 spell: Searing Ray
   677 | D:1      | Reached XP level 3. HP: 8/24 MP: 6/6
  1135 | D:2      | Reached XP level 4. HP: 30/30 MP: 7/7
  1176 | D:2      | Found a glowing silver altar of Zin.
  1183 | D:2      | Reached skill level 5 in Conjurations
  2067 | D:3      | Reached XP level 5. HP: 35/35 MP: 8/8
  2084 | D:3      | Found Vocryl's Weapon Shoppe.
  2134 | D:3      | Found a glowing silver altar of Zin.
  2419 | D:3      | Noticed Sigmund
  2915 | D:4      | Found a shimmering altar of Xom.
  3272 | D:4      | Noticed Menkaure
  3345 | D:4      | Reached skill level 1 in Fighting
  3345 | D:4      | Reached skill level 1 in Armour
  3436 | D:4      | Reached XP level 6. HP: 43/43 MP: 9/9
  3617 | D:5      | Entered Level 5 of the Dungeon
  3751 | D:5      | Reached XP level 7. HP: 36/50 MP: 11/11
  4056 | D:5      | Reached skill level 1 in Shields
  4268 | D:5      | Found a faded altar of an unknown god.
  4268 | D:5      | Found a faded altar of an unknown god.
  4273 | D:5      | Reached XP level 8. HP: 58/58 MP: 14/14
  4356 | D:5      | Found a faded altar of an unknown god.
  4356 | D:5      | Found a hazy altar of Hepliaklqana.
  4481 | D:5      | Reached skill level 5 in Shields
  4635 | D:6      | Identified the +3 chain mail of Lethargy {Rampage rF++
                  | Str+2}
  4743 | D:6      | Found a runed translucent gate.
  4744 | D:6      | Found a runed translucent gate.
  4745 | D:6      | Found a runed translucent gate.
  5393 | D:7      | Found a staircase to the Ecumenical Temple.
  5407 | Temple   | Entered the Ecumenical Temple
  5518 | Temple   | Became a worshipper of Kikubaaqudgha
  5553 | D:6      | Reached XP level 9. HP: 59/63 MP: 15/15
  5565 | D:6      | Noticed BlackCrag's ghost (novice SpVM)
  5686 | D:4      | Killed Menkaure
  5687 | D:4      | Reached skill level 5 in Spellcasting
  5768 | D:3      | Killed Sigmund
  5790 | D:3      | Found a burning altar of Makhleb.
  5992 | D:7      | Identified the +5 ring mail "Toazieghu" {Will+ rCorr
                  | Stlth+}
  6182 | D:7      | Reached * piety under Kikubaaqudgha
  6182 | D:7      | Received a gift from Kikubaaqudgha
  6491 | D:7      | Reached XP level 10. HP: 71/73 MP: 13/20
  6505 | D:7      | Reached skill level 5 in Fighting
  6505 | D:7      | Reached skill level 5 in Armour
  6505 | D:7      | Reached skill level 1 in Necromancy
  6509 | D:7      | Learned a level 2 spell: Sublimation of Blood
  6513 | D:7      | Learned a level 3 spell: Vampiric Draining
  6657 | D:7      | Reached skill level 2 in Necromancy
  6702 | D:7      | Reached skill level 3 in Necromancy
  6814 | D:7      | Reached skill level 4 in Necromancy
  6865 | D:7      | Identified the +1 leather armour of Leapfrog {Will- Dex+6}
  6981 | D:8      | Noticed Erica
  7014 | D:8      | Reached skill level 5 in Necromancy
  7097 | D:8      | Found an iron altar of Okawaru.
  7316 | D:8      | Reached skill level 6 in Necromancy
  7575 | D:8      | Found a blossoming altar of Fedhas.
  7706 | D:8      | Reached ** piety under Kikubaaqudgha
  7978 | D:8      | Reached skill level 7 in Necromancy
  8230 | D:9      | Reached skill level 8 in Necromancy
  8412 | D:9      | Reached XP level 11. HP: 79/79 MP: 20/21
  8518 | D:9      | Reached skill level 9 in Necromancy
  8547 | D:9      | Noticed a manticore
  8556 | D:9      | Killed a manticore
  8580 | D:9      | Found a broken altar of Ashenzari.
  8715 | D:9      | Found a shadowy altar of Dithmenos.
  8722 | D:9      | Found a radiant altar of Vehumet.
  8723 | D:9      | Found a snail-covered altar of Cheibriados.
  8815 | D:9      | Reached *** piety under Kikubaaqudgha
  8815 | D:9      | Received a gift from Kikubaaqudgha
  8821 | D:9      | Learned a level 4 spell: Dispel Undead
  8827 | D:9      | Learned a level 5 spell: Borgnjor's Vile Clutch
  8844 | D:9      | Noticed a five-headed hydra
  8999 | D:9      | Reached skill level 1 in Earth Magic
  9189 | D:10     | Entered Level 10 of the Dungeon
  9189 | D:10     | You are sucked into a shaft and drop 2 floors!
  9213 | D:10     | Found a flagged portal.
  9391 | D:10     | Reached skill level 5 in Earth Magic
  9471 | D:10     | Noticed an orc knight
  9496 | Bailey   | Entered a bailey
  9577 | Bailey   | Noticed an orc warlord
  9607 | Bailey   | Noticed an orc knight
  9701 | Bailey   | Killed an orc knight
  9762 | Bailey   | Found a runed translucent gate.
  9763 | Bailey   | Found a runed translucent gate.
  9765 | Bailey   | Found a runed translucent gate.
  9784 | Bailey   | Reached **** piety under Kikubaaqudgha
 10074 | Bailey   | Killed an orc warlord
 10151 | Bailey   | Identified the +8 rapier of Fuph {flame, rF++}
 10160 | Bailey   | Reached skill level 11 in Necromancy
 10160 | Bailey   | Reached skill level 10 in Earth Magic
 10160 | Bailey   | Reached XP level 12. HP: 86/86 MP: 22/22
 10212 | D:10     | Found a staircase to the Orcish Mines.
 10277 | D:10     | Found a white marble altar of Elyvilon.
 10363 | D:10     | Found an ornate altar of the Wu Jian Council.
 10730 | Orc:1    | Entered Level 1 of the Orcish Mines
 10746 | Orc:1    | Found a runed translucent door.
 10746 | Orc:1    | Noticed TangoThomas's ghost (journeyman MfGl)
 10757 | Orc:1    | Noticed an orc high priest
 10758 | Orc:1    | Noticed a sun demon
 10805 | Orc:1    | Killed an orc high priest
 10811 | Orc:1    | Reached skill level 12 in Necromancy
 10851 | Orc:1    | Reached XP level 13. HP: 91/91 MP: 22/23
 11049 | Orc:1    | Reached ***** piety under Kikubaaqudgha
 11131 | Orc:1    | Found a burning altar of Makhleb.
 11413 | Orc:2    | Entered Level 2 of the Orcish Mines
 11548 | Orc:2    | Found a staircase to the Elven Halls.
 11687 | Orc:2    | Found a frozen archway.
 11755 | IceCv    | Entered an ice cave
 11913 | IceCv    | Noticed an ice dragon
 11969 | IceCv    | Killed an ice dragon
 12385 | Orc:2    | Found Bewn's Antique Weapon Shop.
 12413 | Orc:2    | Found an ancient bone altar of Kikubaaqudgha.
 12414 | Orc:2    | Noticed an ogre mage
 12419 | Orc:2    | Killed an ogre mage
 12429 | Orc:2    | Reached skill level 10 in Shields
 12444 | Orc:2    | Noticed an ogre mage
 12486 | Orc:2    | Killed an ogre mage
 12514 | Orc:2    | Found a radiant altar of Vehumet.
 12811 | Orc:2    | Found Tutelor's Book Boutique.
 12819 | Orc:2    | Found Duifaola's Magic Scroll Shop.
 12830 | Orc:2    | Found Zoageru's Book Shop.
 12834 | Orc:2    | Bought a scroll of fog for 56 gold pieces
 12834 | Orc:2    | Bought a scroll of identify for 28 gold pieces
 12953 | Orc:1    | Killed TangoThomas's ghost
 13099 | D:11     | Reached ****** piety under Kikubaaqudgha
 13126 | D:10     | Received a gift from Kikubaaqudgha
 13127 | D:10     | Fell from the grace of Kikubaaqudgha
 13274 | Temple   | Became a worshipper of Gozag Ym Sagoz the Greedy
 13348 | D:8      | Killed Erica
 13456 | D:6      | Reached XP level 14. HP: 99/99 MP: 20/26
 13464 | D:6      | Killed BlackCrag's ghost
 13934 | D:11     | Gained mutation: You have hidden genetic defects. [a
                  | neqoxec]
 13937 | D:11     | Lost mutation: You have hidden genetic defects. [potion of
                  | mutation]
 13937 | D:11     | Gained mutation: You occasionally shout uncontrollably at
                  | your foes. [potion of mutation]
 13937 | D:11     | Gained mutation: You are frail. (-10% HP) [potion of
                  | mutation]
 13937 | D:11     | Gained mutation: You possess an exceptional clarity of
                  | mind. [potion of mutation]
 13938 | D:11     | Lost mutation: You are frail. (-10% HP) [potion of
                  | mutation]
 13938 | D:11     | Lost mutation: You occasionally shout uncontrollably at
                  | your foes. [potion of mutation]
 13938 | D:11     | Gained mutation: Your mind is acute. (Int +4, Str/Dex -1)
                  | [potion of mutation]
 13938 | D:11     | Gained mutation: You are partially covered in iridescent
                  | scales. (AC +2) [potion of mutation]
 13938 | D:11     | Gained mutation: Your spells are a little harder to cast,
                  | but a little more powerful. [potion of mutation]
 13938 | D:11     | Gained mutation: You are mostly covered in iridescent
                  | scales. (AC +4) [potion of mutation]
 14211 | D:11     | Found a staircase to the Lair.
 14215 | Lair:1   | Entered Level 1 of the Lair of Beasts
 15060 | Lair:2   | Reached skill level 15 in Shields
 15976 | Lair:3   | Found a staircase to the Snake Pit.
 16268 | Lair:3   | Found a staircase to the Shoals.
 16455 | Lair:3   | Reached skill level 5 in Dodging
 16533 | Lair:3   | Reached XP level 15. HP: 78/108 MP: 4/28
 17009 | Lair:4   | Noticed Urug
 17014 | Lair:4   | Killed Urug
 17075 | Lair:4   | Found a runed translucent door.
 17083 | Lair:4   | Found a staircase to the Slime Pits.
 17190 | Lair:4   | Reached skill level 13 in Necromancy
 17857 | Lair:5   | Entered Level 5 of the Lair of Beasts
 17887 | Lair:5   | Reached skill level 10 in Spellcasting
 18229 | Lair:5   | Reached XP level 16. HP: 66/122 MP: 21/30
 18235 | Lair:5   | Identified the ring "Odoprus" {Ice Dex+7}
 18357 | Lair:5   | Reached skill level 10 in Fighting
 18360 | Lair:5   | Reached skill level 10 in Armour
 18478 | Lair:5   | Was forgiven by Kikubaaqudgha
 18659 | Lair:5   | Reached XP level 17. HP: 128/128 MP: 22/31
 19082 | D:12     | Identified the +6 quarterstaff "Lotiumpa" {vorpal, rPois}
 19115 | D:12     | Identified the +4 dagger "Nuvas" {pain, rPois Will+}
 19161 | D:12     | Noticed Fannar
 19172 | D:12     | Killed Fannar
 19173 | D:12     | Reached skill level 15 in Earth Magic
 19993 | D:13     | Found a portal to a secret trove of treasure.
 20403 | D:14     | Found a gate to the Vaults.
 21319 | D:14     | Identified the +6 morningstar "Orb Guardian's Foe" {freeze,
                  | rC+ rCorr Str+2 Stlth+}
 21368 | D:14     | Identified the +2 scale mail "Xusyopaer" {rElec rN+ rCorr
                  | Str+4}
 21372 | D:14     | Identified the +2 long sword of Accord {vorpal, rElec rN++}
 21891 | D:15     | Entered Level 15 of the Dungeon
 21922 | D:15     | Found a staircase to the Depths.
 22052 | D:15     | Found Isaideso's General Store.
 22059 | D:15     | Bought a scroll of identify for 32 gold pieces
 22119 | D:15     | Found Tetasih's General Store.
 22126 | D:15     | Noticed Nessos
 22132 | D:15     | Killed Nessos
 22133 | D:15     | Bought a scroll of identify for 26 gold pieces
 22133 | D:15     | Bought a scroll of identify for 26 gold pieces
 22133 | D:15     | Bought a potion of heal wounds for 65 gold pieces
 22133 | D:15     | Bought a potion of invisibility for 104 gold pieces
 22261 | D:15     | Found Unosiag's Antique Weapon Boutique.
 22319 | D:15     | Found Immoc's Weapon Shop.
 22322 | D:15     | Found Qeepioka's Armour Boutique.
 22838 | D:11     | Identified a scroll of acquirement
 22931 | Shoals:1 | Entered Level 1 of the Shoals
 22940 | Shoals:1 | Reached XP level 18. HP: 95/134 MP: 28/32
 23198 | Shoals:1 | Learned a level 3 spell: Stone Arrow
 23718 | Shoals:1 | Found a runed translucent gate.
 23719 | Shoals:1 | Found a runed translucent gate.
 23720 | Shoals:1 | Found a runed translucent gate.
 23721 | Shoals:1 | Noticed matti1234's ghost (adept KoEn)
 23721 | Shoals:1 | Noticed waddelsworth's ghost (adept GrEE)
 23728 | Shoals:1 | Killed waddelsworth's ghost
 23729 | Shoals:1 | Reached skill level 14 in Necromancy
 23731 | Shoals:1 | Killed matti1234's ghost
 23865 | Shoals:1 | Noticed a kraken
 23917 | Shoals:1 | Killed a kraken
 24115 | Shoals:2 | Reached skill level 15 in Necromancy
 25093 | Shoals:3 | Reached skill level 16 in Necromancy
 25322 | Shoals:3 | Identified the +8 halberd "Jenuhugg" {pain, rElec Str+3
                  | Int-3}
 25744 | Shoals:4 | Entered Level 4 of the Shoals
 25744 | Shoals:4 | Noticed Aizul
 25755 | Shoals:4 | Killed Aizul
 25793 | Shoals:4 | Noticed Kirke
 26006 | Shoals:4 | Reached XP level 19. HP: 131/140 MP: 27/33
 26309 | Shoals:4 | Noticed Polyphemus
 26322 | Shoals:4 | Reached skill level 17 in Necromancy
 26345 | Shoals:4 | Killed Polyphemus
 26359 | Shoals:4 | Noticed Roxanne
 26371 | Shoals:4 | Killed Roxanne
 26416 | Shoals:4 | Learned a level 6 spell: Statue Form
 26508 | Shoals:4 | Reached skill level 1 in Transmutations
 26561 | Shoals:4 | Got a barnacled rune of Zot
 26942 | Snake:1  | Entered Level 1 of the Snake Pit
 26991 | Snake:1  | Found Riczear's General Store.
 26993 | Snake:1  | Found Weuggoh's Assorted Antiques.
 26993 | Snake:1  | Found Ogou's Weapon Shoppe.
 26998 | Snake:1  | Bought a potion of curing for 36 gold pieces
 26998 | Snake:1  | Bought a potion of resistance for 120 gold pieces
 27000 | Snake:1  | Found Tilirgh's Weapon Shoppe.
 27003 | Snake:1  | Bought a scroll of fog for 116 gold pieces
 27003 | Snake:1  | Bought a pair of glimmering gloves for 275 gold pieces
 27003 | Snake:1  | Identified the +0 pair of gloves "Disteymp" {Will+ Regen+
                  | Dex+4} (You bought it in a shop on level 1 of the Snake
                  | Pit)
 27003 | Snake:1  | Bought a scroll of immolation for 116 gold pieces
 27346 | Snake:1  | Noticed Louise
 27362 | Snake:1  | Killed Louise
 27866 | Snake:2  | You are sucked into a shaft and drop 1 floor!
 27950 | Snake:3  | Reached skill level 5 in Transmutations
 27961 | Snake:3  | Reached skill level 18 in Necromancy
 28557 | Snake:4  | Entered Level 4 of the Snake Pit
 28704 | Snake:4  | Found a blossoming altar of Fedhas.
 28778 | Snake:4  | Got a serpentine rune of Zot
 28825 | Snake:4  | Reached XP level 20. HP: 147/147 MP: 28/34
 28951 | Snake:4  | Found Suxahi's Armour Boutique.
 29595 | Snake:2  | Reached skill level 19 in Necromancy
 29613 | Snake:2  | Identified the +1 scale mail "Eckaexoe" {*Corrode Str+6
                  | Int+4}
 29969 | Snake:2  | Identified the ring "Hewuim" {Str+4 Int+6 Dex+5}
 30482 | Vaults:1 | Entered Level 1 of the Vaults
 30634 | Vaults:1 | Reached skill level 10 in Transmutations
 31296 | Vaults:1 | Found Kud Abuy's Magic Scroll Emporium.
 31300 | Vaults:1 | Bought a scroll of enchant armour for 97 gold pieces
 31300 | Vaults:1 | Bought a scroll of identify for 26 gold pieces
 31300 | Vaults:1 | Bought a scroll of identify for 26 gold pieces
 31300 | Vaults:1 | Bought a scroll of identify for 26 gold pieces
 31300 | Vaults:1 | Bought a scroll of identify for 26 gold pieces
 31300 | Vaults:1 | Bought a scroll of identify for 26 gold pieces
 31544 | Vaults:2 | Noticed a dread lich
 31552 | Vaults:2 | Reached skill level 20 in Necromancy
 31557 | Vaults:2 | Killed a dread lich
 31668 | Vaults:2 | Noticed Sojobo
 31677 | Vaults:2 | Reached XP level 21. HP: 36/146 MP: 16/35
 31882 | Vaults:2 | Killed Sojobo
 32098 | Vaults:2 | Noticed Margery
 32109 | Vaults:2 | Killed Margery
 32323 | Vaults:2 | Noticed Frederick
 32339 | Vaults:2 | Killed Frederick
 32817 | Vaults:2 | Found a staircase to the Crypt.
 33016 | Vaults:3 | Found Lenoqeut's Antique Armour Emporium.
 33181 | Vaults:3 | Identified the +7 mace "Kucur" {venom, Fly rN+}
 33271 | Vaults:3 | Found Figeecof's Weapon Shop.
 33404 | Vaults:3 | Reached skill level 21 in Necromancy
 33467 | Vaults:3 | Found a transporter.
 33467 | Vaults:3 | Noticed Mennas
 33510 | Vaults:3 | Found Umukum's Armour Emporium.
 33744 | Vaults:3 | Found Negifoug's Jewellery Shoppe.
 34005 | Vaults:3 | Reached XP level 22. HP: 159/159 MP: 38/38
 34037 | Vaults:3 | Identified the +2 leather armour "Veibb" {rPois Dex+3}
 34145 | Vaults:3 | Found a transporter.
 34598 | Shoals:3 | Killed Kirke
 35217 | Vaults:4 | Reached skill level 15 in Transmutations
 35457 | Vaults:4 | Found Kyis's Weapon Shop.
 35930 | Vaults:4 | Reached skill level 22 in Necromancy
 35932 | Vaults:4 | HP: 3/206 [vault warden/+2 vorpal battleaxe (23)]
 35932 | Vaults:4 | Slain by a vault warden

Illustrated notes

Levels and vault maps discovered:
D:1:      dpeg_arrival_stonehenge_8_columns, layout_basic,
          hellmonk_ecumenical_altar_inner_sanctum
D:2:      layout_loops_ring, serial_forest, infiniplex_forest_lined_3_way,
          infiniplex_forest_end_2, infiniplex_forest_pool,
          infiniplex_forest_clump_diagonal, infiniplex_forest_straight_5,
          basic_altar, minmay_misc_feat_rugged, nicolae_elevator_lobby_plus
D:3:      layout_basic, zin_academy, lemuel_coloured_pillars_altar,
          serial_shops, shop, serial_glass, glass_columns_a, glass_columns_a,
          glass_columns_a, glass_columns_a, glass_columns_a, glass_columns_b,
          glass_columns_a, glass_columns_a, glass_columns_a, glass_columns_a,
          glass_columns_b, glass_columns_c, glass_columns_c, glass_columns_a,
          uniq_sigmund
D:4:      layout_loops_corners, mainiacjoe_overflow_chevrons,
          kennysheep_crisscross, uniq_menkaure
D:5:      layout_rooms, nicolae_hepliaklqana_ecumenical_no_more,
          grunt_decor_fettered
D:6:      layout_loops_ring, gammafunk_ghost_icy
D:7:      kennysheep_windowed_halls, layout_rooms,
          minmay_temple_entry_overgrown, nrook_campfire
D:8:      layout_gridville, fedhas_altar_decomposition, okawaru_trees_2,
          kennysheep_generic_room_12, uniq_erica
D:9:      nicolae_BIG_FREAKIN_CUBE, layout_irregular_city,
          mainiacjoe_overflow_alcove_4, minitemple, serial_ice, serial_ice_e,
          serial_ice_f, serial_ice_g, serial_ice_b, serial_ice_k, serial_ice_c,
          serial_ice_o
D:10:     layout_small_grid, mainiacjoe_overflow_boulevard, old_standard_altar,
          david_orc_5, enter_bailey_5
D:11:     layout_roguey [special_room_bee], lair_entry_dummy
D:12:     layout_rooms, uniq_fannar
D:13:     layout_long_grid, enter_trove_6, bh_circular_ruins
D:14:     minmay_the_grid_triangle_9x9_recursive_3_mashed
          [minmay_the_grid_triangle_9x9_alien,
          minmay_the_grid_triangle_9x9_stretched_checkered,
          minmay_the_grid_triangle_9x9_thin_v,
          minmay_the_grid_triangle_9x9_prize_schism,
          minmay_the_grid_triangle_9x9_from_above,
          minmay_the_grid_triangle_9x9_corrupted_corridor,
          minmay_the_grid_triangle_9x9_swiss_cheese,
          minmay_the_grid_triangle_9x9_descending_squares,
          minmay_the_grid_triangle_9x9_windchime], layout_loops_ring,
          kennysheep_donut, kennysheep_diamond
D:15:     grunt_enter_depths_snipers, layout_irregular_city, serial_shops,
          nicolae_square_shop, nicolae_shop_overgrown_old_shop, shop,
          nicolae_shop_advertising_works [nicolae_subvault_shop_adworks],
          nicolae_shop_hallway_plus, minmay_misc_feat_chi, uniq_nessos
Temple:   nicolae_temple_two_arcs
Lair:1:   layout_concentric_octagons, serial_rivers,
          chequers_serial_rivers_micro_c, chequers_serial_rivers_room_b,
          chequers_serial_rivers_room_a, chequers_serial_rivers_micro_a,
          chequers_serial_rivers_micro_b, grunt_megastairs_2,
          serial_bayou_shore_a, infiniplex_staircase_pool
Lair:2:   layout_cave_pods
Lair:3:   layout_regular_city, elwin_shoals_entry_rooms,
          minmay_snake_entry_six_corridors
Lair:4:   layout_cave_pods, slime_entry_2, infiniplex_staircase_pool_2,
          uniq_urug
Lair:5:   minmay_lair_end_frog_pond, layout_gridlike
Shoals:1: layout_shoals, gammafunk_ghost_cemetery
Shoals:2: layout_shoals
Shoals:3: nicolae_shoals_island_circles, layout_shoals
Shoals:4: shoals_end_grunt_ice, layout_shoals, uniq_aizul, uniq_kirke,
          uniq_polyphemus, uniq_roxanne
Snake:1:  layout_grid_shapes, nicolae_triple_integral, minmay_shoptagon,
          uniq_louise
Snake:2:  layout_grid_maze, serial_bayou_pond_c
Snake:3:  layout_cave_town
Snake:4:  snake_pit, layout_onion, basic_altar, serial_shops, shop
Orc:1:    layout_caves, hellmonk_ghost_happy_afterlife, bloody_makhleb
Orc:2:    kennysheep_orc_mage_school, layout_diamond_mine,
          portal_ice_cave_entry_ice_simulacra
Vaults:1: v_alt_pattern_6, nicolae_vaults_little_squares_3, v_misc_16,
          hangedman_vaults_stagger, hangedman_vaults_snaps, st_hourglassy,
          nicolae_vaults_diagonal_hallway_8, vaults_room_stairs_pillars,
          v_misc_17, hangedman_vaults_corner_blocks, v_misc_14,
          vaults_room_grunt_arrival_ludios, nicolae_vaults_specimen_jars,
          layout_vaults_ring, serial_shops, shop
Vaults:2: v_misc_14, hangedman_vaults_stitches, nicolae_vaults_puzzle_piece,
          v_misc_3, v_misc_22, minmay_crypt_entry_simple_box, v_misc_23,
          v_misc_24, ontoclasm_vaults_gateway,
          nicolae_vaults_diagonal_hallway_8, hangedman_vaults_corner,
          vaults_room_glass_cross, nicolae_vaults_yaktaur_gun_rack,
          layout_vaults_omnibox, uniq_margery, uniq_frederick, uniq_sojobo
Vaults:3: hangedman_vaults_stream, ontoclasm_vaults_decontamination,
          hangedman_vaults_unwind, nicolae_vaults_what_the_h,
          gammafunk_sealed_arena, nicolae_vaults_network_periphery,
          nicolae_vaults_network_s, v_misc_5, layout_vaults_chaotic_city,
          serial_shops, shop_statue, shop, shop_fountains, nicolae_square_shop,
          uniq_mennas
Vaults:4: v_misc_33, grunt_vaults_swirl, vaults_mumra_minichess,
          grunt_vaults_trifunnel, dpeg_vaults_monster_row, v_misc_10,
          nicolae_vaults_diagonal_hallway_7, nicolae_vaults_big_angled_halls,
          ontoclasm_vaults_claustrophobia, vaults_dpeg_encased_lava,
          vaults_dpeg_cross, layout_vaults_big_cross, serial_shops, shop

Skill      XL: |  1  2  3  4  5  6  7  8  9 10 11 12 13 14 15 16 17 18 19 20 21 22 |
---------------+-------------------------------------------------------------------+-----
Conjurations   | 4 5 6 |  6.0
Fighting       | 1 2 3 4 5 7 9 10 | 10.0
Armour         | 1 2 3 4 5 7 9 10 | 10.0
Dodging        | 2 3 5 7 |  7.0
Spellcasting   | 3 4 7 8 9 10 12 | 12.0
Shields        | 3 9 12 15 | 15.0
Necromancy     | 8 11 12 13 16 18 20 21 22 | 22.0
Earth Magic    | 10 11 12 13 14 19 20 | 20.0
Transmutations | 8 11 14 15 | 15.8
Stealth        | |  2.4

Action                   |  1- 3 |  4- 6 |  7- 9 | 10-12 | 13-15 | 16-18 | 19-21 | 22-24 || total
-------------------------+-------+-------+-------+-------+-------+-------+-------+-------++-------
Melee: Dagger            |    11 |    17 |       |       |       |   196 |   101 |       ||   325
       Staff             |       |     1 |     9 |     3 |       |       |       |       ||    13
       Long sword        |       |       |    16 |   127 |       |       |       |       ||   143
       Rapier            |       |       |       |    51 |   475 |   331 |    59 |       ||   916
       Quarterstaff      |       |       |       |       |       |       |   153 |       ||   153
       Morningstar       |       |       |       |       |       |       |   210 |    72 ||   282
 Fire: Shortbow          |       |       |       |    85 |       |       |       |       ||    85
Throw: Dart              |       |       |       |    34 |       |       |       |       ||    34
 Cast: Magic Dart        |    43 |    61 |    48 |    75 |     6 |     2 |       |       ||   235
       Searing Ray       |     3 |    15 |    58 |   102 |       |     1 |       |       ||   179
       Sublimation of Bl |       |       |       |     3 |    65 |    28 |     2 |     1 ||    99
       Dispel Undead     |       |       |       |     2 |     7 |    11 |    10 |       ||    30
       Borgnjor's Vile C |       |       |       |    11 |   226 |   257 |   336 |    63 ||   893
       Vampiric Draining |       |       |       |       |       |    12 |       |       ||    12
       Stone Arrow       |       |       |       |       |       |    10 |       |       ||    10
       Statue Form       |       |       |       |       |       |       |     4 |     1 ||     5
Invok: Receive Forbidden |       |       |       |       |     1 |       |       |       ||     1
       Renounce Religion |       |       |       |       |     1 |       |       |       ||     1
 Abil: Dig               |       |       |     1 |       |     5 |     2 |       |       ||     8
       End Transformatio |       |       |       |       |       |       |     4 |       ||     4
Evoke: Wand              |       |       |       |     1 |       |       |       |       ||     1
       Condenser vane    |       |       |       |       |       |       |       |     1 ||     1
  Use: Scroll            |       |       |     2 |    11 |     5 |    17 |     2 |       ||    37
       Potion            |       |       |       |     1 |     3 |       |     1 |     1 ||     6
 Stab: Sleeping          |     1 |     3 |       |     2 |     1 |       |     1 |       ||     8
       Distracted        |       |       |       |       |     4 |     5 |     3 |     4 ||    16
Armor: Robe              |     4 |     6 |     4 |       |       |       |       |       ||    14
       Ring mail         |       |       |     7 |   104 |   286 |    17 |       |       ||   414
       Troll leather arm |       |       |       |       |       |   259 |   186 |    17 ||   462
       Skin              |       |       |       |       |       |       |    14 |     8 ||    22
Dodge: Dodged            |     8 |    31 |    32 |   115 |   203 |   328 |   388 |    47 ||  1152
Block: Kite shield       |       |       |    52 |   186 |    64 |       |       |       ||   302
       Tower shield      |       |       |       |       |   605 |   870 |   927 |   134 ||  2536
